 Dungeon Sprint DCSS version 0.31.0-12-g77e489cdc1 (webtiles) character file.

Game seed: 1648483983230249339

37 boopmooplesden the Trooper (level 3, -4/34 HPs)
             Began as an Armataur Berserker on Mar 6, 2024.
             Was a Priest of Trog.
             Slain by an iguana (7 damage)
             ... in the Dungeon (Sprint IX: "|||||||||||||||||||||||||||||").
             The game lasted 00:00:10 (33 turns).

boopmooplesden the Trooper (Armataur Berserker)       Turns: 33, Time: 00:00:11

Health: -4/34      AC:  4    Str: 24    XL:     3   Next: 21%
Magic:  3/3        EV: 10    Int:  7    God:    Trog [***...]
Gold:   0          SH:  0    Dex:  9    Spells: 2/2 levels left

rFire   . . .        a - +0 mace
rCold   . . .        (no shield)
rNeg    . . .        b - +0 animal skin
rPois   .            (no helmet)
rElec   .            (no cloak)
rCorr   .            (no gloves)
SInv    .            (no barding)
Will    .....        (no amulet)
Stlth   +            (no ring)
HPRegen 0.25/turn    (no ring)
MPRegen 1.07/turn

%: no teleportation, roll
@: on berserk cooldown, slowed, very slow
A: large, deformed body, tough skin 3, armoured tail, roll 1
a: Renounce Religion, Berserk, Trog's Hand


You were in the Dungeon.
You worshipped Trog.
Trog was most pleased with you.
You visited 1 branch

Inventory:

Hand Weapons
 a - a +0 mace (weapon)
Armour
 b - a +0 animal skin (worn)
Scrolls
 h - a scroll of blinking
Potions
 c - a potion of curing
 d - a potion of heal wounds
 e - a potion of haste
 f - 2 potions of magic
 g - a potion of berserk rage


   Skills:
 + Level 4.5 Fighting
 + Level 4.5 Maces & Flails
 + Level 3.3 Armour
 + Level 2.1 Dodging


You had 2 spell levels left.
You didn't know any spells.
Your spell library was empty.

Dungeon Overview and Level Annotations

Branches:
Dungeon (1/1)

Altars:


Innate Abilities, Weirdness & Mutations

Armour fits poorly on your strangely shaped body.
You have extremely tough skin. (AC +3)
You have a long armoured tail.
You regenerate magic when rolling toward enemies. (Rampage MPRegen)


Message History

The orc is almost dead.
The orc hits you with a +0 flail.
You barely miss the orc.
The orc is almost dead.
The orc hits you with a +0 flail.
You closely miss the orc.
The orc is severely wounded.
The orc barely misses you.
You barely miss the orc.
The orc is severely wounded.
You sock the orc!
You kill the orc!
Trog accepts your kill.
You roll towards the ribbon worm!
You hit the ribbon worm. You tail-slap the ribbon worm.
The ribbon worm is severely wounded.
The ribbon worm bites you.
You hit the ribbon worm.
The ribbon worm is severely wounded.
You sock the ribbon worm!
You kill the ribbon worm!
Trog accepts your kill.
You roll towards the dart slug!
You sock the dart slug!
You kill the dart slug!
Trog accepts your kill.
You are no longer berserk.
You are exhausted.
You feel yourself slow down.
You roll towards the iguana!
You barely miss the iguana. You tail-slap the iguana!
The iguana is severely wounded.
The iguana bites you. The iguana bites you!
You closely miss the iguana.
The iguana is severely wounded.
The iguana closely misses you. The iguana bites you!
* * * LOW HITPOINT WARNING * * *
You closely miss the iguana.
The iguana is severely wounded.
The iguana bites you!
You die...

▓+▓
▓.▓
▓.▓
▓l▓
▓@▓
▓†▓
▓)▓
▓.▓
▓.▓
▓.▓
▓.▓
▓)▓
▓)▓


You could see an iguana.

Vanquished Creatures
  An orc wizard (D)
  A dart slug (D)
  A ribbon worm (D)
  An orc (D)
  A ball python (D)
  3 goblins (D)
  A rat (D)
9 creatures vanquished.

Notes
Turn   | Place    | Note
-------+----------+-------------------------------------------
     0 | D        | boopmooplesden the Armataur Berserker began the quest for
                  | the Orb.
     0 | D        | Reached XP level 1. HP: 18/18 MP: 1/1
     8 | D        | Reached ** piety under Trog
    16 | D        | Noticed an iguana
    16 | D        | Noticed an orc wizard
    20 | D        | Killed an orc wizard
    21 | D        | Reached XP level 2. HP: 28/28 MP: 2/2
    21 | D        | Reached XP level 3. HP: 34/34 MP: 3/3
    26 | D        | Reached *** piety under Trog
    33 | D        | Slain by an iguana

Illustrated notes

Levels and vault maps discovered:
D:        linesprint [early_d, line_temple, items_1, d_10, items_2, lair_1,
          lair_end, items_3, orc_1, orc_end, items_4, d_15, swamp_1, shoals_1,
          snake_1, spider_1, d_20, vaults_1, items_5, swamp_end, shoals_end,
          snake_end, spider_end, vaults_end, d_27, items_6, zot_1, zot_end,
          crypt_end, forest_end, elf_end, slime_end, tomb_end, abyss_end,
          pan_hell_end]

Skill      XL: |  1 |
---------------+----+-----
Fighting       | 4 |  4.5
Maces & Flails | 4 |  4.5
Armour         | 3 |  3.3
Dodging        | 2 |  2.1

Action                     || total
---------------------------++-------
  Melee: Mace              ||    23
         Tailslap          ||     3
 Invoke: Berserk           ||     1
 Armour: Animal skin       ||    10
  Dodge: Dodged            ||     3
